 Dungeon Crawl Stone Soup version 0.18-a0-1186-gd02dc51 (webtiles) character file.

63 kae the Insei (level 3, 0/29 HPs)
             Began as a Demonspawn Monk on Jan 28, 2016.
             Succumbed to an adder's poison
             ... on level 2 of the Dungeon.
             The game lasted 00:01:52 (924 turns).

kae the Insei (Demonspawn Monk)                      Turns: 924, Time: 00:01:52

Health: 0/29       AC:  4    Str: 11    XL:     3   Next: 89%
Magic:  3/3        EV: 13    Int: 11    God:
Gold:   81         SH:  2    Dex: 16    Spells: 0 memorised, 2 levels left

rFire  . . .     SeeInvis .       - Unarmed
rCold  . . .     Gourm    .     a - +0 robe
rNeg   . . .     Faith    .     (no shield)
rPois  .         Spirit   .     (no helmet)
rElec  .         Dismiss  .     (no cloak)
rCorr  .         Reflect  .     (no gloves)
SustAt .         Harm     .     (no boots)
MR     .....                    (no amulet)
Stlth  ++........               (no ring)
                                (no ring)

@: lethally poisoned (0 -> -2), very slightly contaminated, hasted, very quick,
not resistant to hostile enchantments, unstealthy
A: large bone plates 1
a: no special abilities


You were on level 2 of the Dungeon.
You were not hungry.

You visited 1 branch of the dungeon, and saw 2 of its levels.

You collected 81 gold pieces.

Inventory:

Armour
 a - a +0 robe (worn)
Scrolls
 c - a scroll of enchant weapon
 h - a scroll of remove curse
 m - a scroll of identify
Potions
 d - a potion of resistance {unknown}
 e - a potion of lignification {unknown}
 f - a potion of might {unknown}
 i - a potion of haste
 j - a potion of heal wounds {unknown}
 l - a potion of curing {unknown}
Comestibles
 b - 2 bread rations
 o - 2 chunks of flesh


   Skills:
 - Level 3.0 Fighting
 - Level 2.6 Dodging
 - Level 1.7 Stealth
 + Level 5.0 Unarmed Combat


You had 2 spell levels left.
You didn't know any spells.

Dungeon Overview and Level Annotations

Branches:
Dungeon (2/15)

Altars:
Fedhas


Innate Abilities, Weirdness & Mutations

You are partially covered in large bone plates (AC +2, SH +2).


Message History

The goblin wields an uncursed dagger.
The goblin barely misses you. The worm misses you.
Read which item? (? for menu, Esc to quit)
As you read the scroll labeled IXIOCA OSIOQUT, it crumbles to dust.
You feel aware of your surroundings.
You sensed 2 altars.
It was a scroll of magic mapping.
The adder closely misses you. The goblin hits you but does no damage.
The adder bites you.
* * * LOW HITPOINT WARNING * * *
You are poisoned.
The adder poisons you!
Read which item? (? for menu, Esc to quit)
Okay, then.
Drink which item? (? for menu, Esc to quit)
You feel yourself speed up.
You feel sick. The adder bites you.
* * * LOW HITPOINT WARNING * * *
The goblin barely misses you. The worm bites you.
* * * LOW HITPOINT WARNING * * *
You are very lightly contaminated with residual magic.
Unknown command.
You die...

*** *+*****,,,,,,,,*
#............,,* #...........,,,*
*#..........,,,* #........#*****
****########........#
,,,,................##########
,,,,,.........>...(..........#
,******#........@..S.....P.P.##
,+,,*,,*#..........w.g...._...#
,*,,*,,*#...##'###.......P.P..#
,*****+*###.##.# #.(..(.......#
.#,,,,,+,,#.##.# #.....(....!.#**
.#,,,,,*,,#..#.# #.............,,
.+,,,,,**+#..#.# #...........##**
.#,,,,,*,,#..#.# #...........#***
.#,,,,,+,,##.#.#*#####<#.......,,


You could see a worm, an adder and a goblin.

Vanquished Creatures
  3 adders (D:2)
  A giant gecko (D:1)
  2 ball pythons (D:2)
  4 bats
  2 giant cockroaches
  5 goblins
  4 hobgoblins (D:1)
  5 kobolds (D:1)
  3 giant newts
  3 rats
32 creatures vanquished.

Notes
Turn   | Place    | Note
--------------------------------------------------------------
     0 | D:1      | kae the Demonspawn Monk began the quest for the Orb.
     0 | D:1      | Reached XP level 1. HP: 18/18 MP: 1/1
    66 | D:1      | Reached skill level 4 in Unarmed Combat
    95 | D:1      | Gained mutation: You are partially covered in large bone plates (AC +2, SH +2). [demonic ancestry]
    95 | D:1      | Reached XP level 2. HP: 20/24 MP: 2/2
   683 | D:2      | Reached XP level 3. HP: 29/29 MP: 3/3
   857 | D:2      | Reached skill level 5 in Unarmed Combat
   901 | D:2      | Found a blossoming altar of Fedhas.
   919 | D:2      | HP: 1/29 [worm (4)]
   924 | D:2      | Succumbed to an adder's poison

Vault maps used:
D:1:      saegor_arrival_miasma
D:2:      fedhas_altar_1, amethyst_overflow_temple_binary, first_bread,
          minmay_snake_closets

Action                   || total
-------------------------++-------
Melee: Unarmed           ||   102
  Use: Scroll            ||     6
       Potion            ||     1
 Stab: Sleeping          ||     5
